 Dungeon Crawl Stone Soup version 0.18.1-48-g4cf74bf (webtiles) character file.

49 Discri the Grasshopper (level 4, 0/33 HPs)
             Began as a Human Warper on Sept 10, 2016.
             Succumbed to an adder's poison
             ... on level 3 of the Dungeon.
             The game lasted 00:18:05 (1248 turns).

Discri the Grasshopper (Human Warper)               Turns: 1248, Time: 00:18:05

Health: 0/33       AC:  8    Str: 16 (17) XL:     4   Next: 2%
Magic:  7/7        EV:  7    Int: 11 (13) God:
Gold:   29         SH:  0    Dex: 12 (13) Spells: 2 memorised, 4 levels left

rFire  . . .     SeeInvis .     i - +1 mace (holy)
rCold  . . .     Gourm    .     j - +0 chain mail
rNeg   . . .     Faith    .     (no shield)
rPois  .         Spirit   .     (no helmet)
rElec  .         Dismiss  .     (no cloak)
rCorr  .         Reflect  .     (no gloves)
SustAt .         Harm     .     (no boots)
MR     .....                    (no amulet)
Stlth  ..........               (no ring)
                                (no ring)

@: mighty, lethally poisoned (0 -> -7), not resistant to hostile enchantments,
extremely unstealthy
A: no striking features
a: no special abilities


You were on level 3 of the Dungeon.
You were not hungry.

You visited 1 branch of the dungeon, and saw 3 of its levels.

You collected 29 gold pieces.

Inventory:

Hand Weapons
 a - a +0 short sword
 i - a +1 mace of holy wrath (weapon)
 k - a +2 whip of electrocution
 l - a +0 hand axe
 m - a +0 hand axe
 p - a +0 hunting sling
 q - a cursed -1 short sword
 s - a +0 hand axe
Missiles
 e - 11 arrows
 h - 36 stones (quivered)
 r - 19 sling bullets
 t - 25 bolts
Armour
 b - a +0 leather armour
 j - a +0 chain mail (worn)
 n - a +0 chain mail
Scrolls
 u - a scroll of recharging {unknown}
Potions
 v - a potion of might
Books
 c - a book of Spatial Translocations

   Spells                             Type                      Level
   a - Apportation                    Translocation                1
   b - Blink                          Translocation                2
   c - Shroud of Golubria             Charms/Translocation         2
   d - Portal Projectile              Translocation                3
   e - Teleport Other                 Translocation                3
   f - Passage of Golubria            Translocation                4
Comestibles
 f - 3 bread rations
 g - a meat ration


   Skills:
 + Level 2.2 Fighting
 + Level 2.2 Short Blades
 + Level 0.2 Maces & Flails
 + Level 1.5 Throwing
 + Level 1.4 Armour
 + Level 2.6 Dodging
 + Level 2.1 Spellcasting
 + Level 3.4 Translocations


You had 4 spell levels left.
You knew the following spells:

 Your Spells              Type           Power        Failure   Level  Hunger
a - Apportation           Tloc           #.........   98%         1    ##.....
b - Blink                 Tloc           N/A          99%         2    ###....


Dungeon Overview and Level Annotations

Branches:
Dungeon (3/15)

Altars:


Message History

The spell is very dangerous to cast!
Continue anyway?
Okay, then.
Casting: Apportation
Confirm with . or Enter, or press ? or * to list all spells.
Okay, then.
You miss the adder.
The adder is moderately wounded.
* * * LOW HITPOINT WARNING * * *
You feel sick. The adder barely misses you. The adder bites you.
* * * LOW HITPOINT WARNING * * *
You miss the adder.
The adder is moderately wounded.
* * * LOW HITPOINT WARNING * * *
You feel sick.
The adder bites you but does no damage. x2
It was a potion of might.
You feel very mighty all of a sudden.
* * * LOW HITPOINT WARNING * * *
You feel sick. The adder bites you but does no damage.
It was a potion of cure mutation.
It has a very clean taste.
You die...

#.## #.####..####### #.
#....!........# . #.#
#######.#####.# #.##.# #.#
#.. #..... ### #.###.# ##
##.##.## .. #.#...# ..#
..#...# #. #.#.#.###..#
#.#.#. #.###.#.#@.....#
#..... #.......S...##...
#.#.#.
###########.#########....#
#........>....##
###############


You could see an adder.

Vanquished Creatures
  Terence (D:2)
  A worm (D:2)
  3 giant geckos (D:1)
  A giant cockroach (D:2)
  2 goblins (D:1)
  A hobgoblin (D:1)
  3 kobolds
  7 bats
  2 giant newts (D:1)
  A rat (D:1)
22 creatures vanquished.

Notes
Turn   | Place    | Note
--------------------------------------------------------------
     0 | D:1      | Discri the Human Warper began the quest for the Orb.
     0 | D:1      | Reached XP level 1. HP: 16/16 MP: 3/3
   162 | D:1      | Reached XP level 2. HP: 4/22 MP: 5/5
   760 | D:1      | Reached XP level 3. HP: 21/27 MP: 6/6
   973 | D:2      | Noticed Terence
   991 | D:2      | Killed Terence
  1027 | D:2      | Reached XP level 4. HP: 24/33 MP: 7/7
  1037 | D:2      | Learned a level 2 spell: Blink
  1247 | D:3      | HP: 1/33 [poisoned by an adder]
  1248 | D:3      | Succumbed to an adder's poison

Action                   |  1- 3 |  4- 6 || total
-------------------------+-------+-------++-------
Melee: Short sword       |    29 |       ||    29
       Mace              |    48 |    15 ||    63
Throw: Tomahawk          |     5 |       ||     5
  Use: Scroll            |     3 |       ||     3
       Potion            |     1 |     2 ||     3
  Eat: Chunk             |       |     1 ||     1
Armor: Leather armour    |    29 |       ||    29
       Chain mail        |    39 |    31 ||    70
Dodge: Dodged            |    46 |    14 ||    60
